Map: Acid Plant LE

Players

Forescene

  • Race: Zerg Zerg
  • League: Grandmaster
  • Spawn Location: 5:00

Sandro - Winner!

  • Race: Protoss Protoss
  • League: Master
  • Spawn Location: 11:00

VOD

Have the link to the VOD?

Description

Time

  • Played on: May 28, 2018, 2:03 p.m.
  • Length: 12:10
Show
View Real Time Build Order
Export as new Build Order

Forescene Zerg 

Build Orders: Hatch First 

Get SALT Encoding   

  12  0:01  Drone  
  13  0:12  Overlord  
  13  0:17  Drone  
  14  0:30  Drone x2  
  14  0:34  Drone  
  17  0:51  Hatchery  
  17  0:54  Drone  
  17  0:57  Drone  
  17  0:59  Extractor  
  17  1:13  Spawning Pool  
  17  1:16  Drone  
  17  1:19  Drone  
  18  1:27  Drone  
  19  1:38  Overlord  
  19  1:49  Drone  
  20  2:01  Queen  
  20  2:02  Queen, Metabolic Boost  
  20  2:04  Zergling x2  
  20  2:07  Drone  
  26  2:10  Drone  
  26  2:13  Drone  
  28  2:24  Drone  
  28  2:25  Drone  
  30  2:38  Hatchery  
  30  2:43  Queen  
  31  2:47  Zergling x2  
  31  2:49  Overlord  
  31  2:51  Drone  
  33  2:53  Drone  
  33  2:57  Drone  
  35  2:59  Zergling x2  
  36  3:08  Overlord  
  36  3:11  Drone x2  
  38  3:13  Drone  
  38  3:15  Drone  
  38  3:17  Drone  
  41  3:21  Spore Crawler, Drone  
  41  3:27  Zergling x2  
  41  3:29  Spore Crawler, Drone  
  41  3:32  Lair  
  42  3:37  Zergling x2  
  43  3:41  Drone  
  43  3:45  Extractor  
  43  3:46  Extractor  
  41  3:53  Drone x2  
  41  3:54  Drone x5  
  48  3:58  Queen  
  48  4:01  Overlord  
  50  4:04  Drone  
  50  4:06  Drone  
  50  4:08  Drone  
  51  4:13  Drone  
  51  4:15  Drone  
  53  4:18  Drone x2  
  54  4:31  Zergling x10  
  52  4:34  Drone, Hydralisk Den  
  52  4:37  Spore Crawler  
  54  4:38  Overlord  
  54  4:40  Zergling x2  
  54  4:42  Zergling x2  
  54  4:44  Drone  
  57  4:45  Drone  
  57  4:48  Drone  
  59  4:53  Overlord  
  59  4:57  Drone  
  59  4:58  Baneling Nest, Zergling x2  
  59  5:13  Drone x6  
  59  5:14  Drone x3  
  67  5:15  Drone  
  68  5:22  Overlord  
  68  5:24  Drone  
  68  5:25  Drone x3  
  72  5:30  Extractor  
  72  5:33  Grooved Spines, Extractor  
  72  5:34  Evolution Chamber  
  69  5:36  Drone x3  
  69  5:40  Overlord  
  72  5:44  Drone x2  
  72  5:47  Drone x3  
  72  5:49  Overlord  
  77  5:57  Drone x3  
  77  6:02  Overlord  
  80  6:06  Centrifical Hooks  
  80  6:07  Zerg Melee Weapons Level 1  
  80  6:09  Overlord  
  78  6:14  Hydralisk  
  78  6:15  Hydralisk x3  
  86  6:18  Overlord  
  86  6:24  Hydralisk x3  
  88  6:32  Hydralisk x2  
  75  6:35  Zergling x4  
  75  6:36  Zergling x2  
  75  6:40  Hydralisk  
  75  6:44  Zergling x4  
  69  6:48  Zergling x4  
  69  6:52  Drone  
  69  6:54  Drone  
  64  7:05  Drone x5  
  69  7:09  Drone x2  
  69  7:12  Drone  
  69  7:13  Drone  
  69  7:14  Baneling x2  
  73  7:19  Drone  
  73  7:20  Drone  
  75  7:23  Drone  
  75  7:25  Drone  
  75  7:28  Drone  
  77  7:31  Drone x3  
  77  7:36  Overlord  
  75  7:39  Drone x2  
  77  7:50  Drone x2  
  77  7:51  Drone x4  
  82  7:57  Zergling x2  
  84  8:00  Baneling x3  
  84  8:04  Zerg Melee Weapons Level 2  
  84  8:06  Zergling x10  
  84  8:07  Hatchery  
  88  8:14  Drone x2  
  88  8:17  Drone  
  88  8:18  Overlord  
  91  8:20  Hydralisk x3  
  91  8:23  Overseer  
  97  8:27  Hydralisk  
  97  8:28  Hydralisk x2  
  97  8:32  Overlord  
  103  8:36  Muscular Augments  
  103  8:37  Hydralisk  
  105  8:45  Hydralisk x3  
  109  8:50  Drone  
  109  8:51  Drone x4  
  114  9:01  Hydralisk x4  
  122  9:10  Overlord x2  
  122  9:14  Drone, Extractor  
  122  9:15  Drone x2  
  122  9:16  Spore Crawler, Zergling x6  
  126  9:31  Zergling x18  
  126  9:32  Zergling x4  
  126  9:33  Baneling  
  126  9:34  Baneling x2  
  126  9:37  Zergling x2  
  126  9:38  Zergling x2  
  138  9:45  Baneling  
  138  9:46  Baneling  
  138  9:48  Baneling x6  
  138  9:52  Baneling x3  
  138  9:54  Hydralisk  
  138  9:58  Zergling x12  
  138  9:59  Zergling x10  
  151  10:04  Baneling x2  
  151  10:05  Baneling x4  
  149  10:08  Zergling x2  
  149  10:09  Zergling x4  
  152  10:15  Baneling  
  152  10:16  Baneling x7  
  147  10:26  Zergling x14  
  147  10:27  Zergling x8  
  149  10:30  Drone  
  149  10:35  Drone  
  148  10:39  Extractor  
  148  10:40  Baneling  
  148  10:41  Baneling x19  
  148  10:42  Baneling x5  
  145  10:52  Infestation Pit  
  145  10:56  Hydralisk x3  
  132  11:00  Overlord  
  132  11:01  Overlord x3  
  132  11:03  Drone x2  
  136  11:07  Zergling x2  
  136  11:08  Zergling x6  
  139  11:14  Hydralisk x3  
  139  11:18  Hydralisk  
  144  11:22  Hydralisk x2  
  140  11:30  Hydralisk x3  
  137  11:35  Baneling x2  
  137  11:37  Drone x3  
  137  11:39  Drone x2  
  140  11:40  Drone  
Show
View Real Time Build Order
Export as new Build Order

Sandro Protoss - Winner!

Build Orders: 1 Gate Expand, Oracle Opening 

Get SALT Encoding   

  1  0:00  Probe  
  12  0:04  Probe  
  14  0:18  Pylon  
  14  0:22  Probe  
  15  0:37  Probe  
  15  0:38  Gateway  
  16  0:43  Assimilator  
  16  0:49  Probe  
  17  0:57  Probe  
  18  1:05  Probe  
  19  1:15  Probe  
  20  1:26  Nexus  
  20  1:37  Cybernetics Core  
  20  1:41  Probe  
  21  1:48  Assimilator  
  21  1:52  Pylon  
  21  1:56  Probe  
  22  2:07  Adept  
  22  2:08  Probe  
  23  2:13  Stargate  
  23  2:20  Probe  
  26  2:26  Adept, Warp Gate  
  26  2:32  Probe  
  29  2:38  Probe  
  30  2:44  Probe  
  30  2:50  Adept, Probe  
  32  2:56  Oracle  
  34  2:59  Probe  
  34  3:04  Probe  
  39  3:14  Probe  
  39  3:15  Gateway  
  39  3:19  Probe  
  41  3:25  Oracle  
  41  3:26  Probe  
  42  3:31  Probe  
  46  3:44  Pylon  
  46  3:48  Probe  
  46  3:49  Probe  
  46  3:53  Twilight Council  
  46  3:55  Gateway  
  44  3:59  Pylon  
  44  4:01  Probe  
  44  4:02  Probe  
  46  4:04  Resonating Glaives  
  46  4:06  Phoenix  
  48  4:10  Assimilator  
  48  4:13  Pylon, Probe  
  48  4:14  Probe  
  50  4:18  Assimilator  
  50  4:24  Pylon  
  50  4:29  Adept x2  
  52  4:33  Probe x2  
  54  4:45  Probe  
  55  4:46  Probe  
  55  4:50  Adept x3  
  62  4:55  Gateway  
  62  4:57  Probe  
  62  4:59  Probe  
  64  5:09  Probe  
  64  5:11  Probe  
  66  5:14  Nexus  
  66  5:17  Pylon  
  66  5:19  Pylon  
  66  5:26  Gateway  
  66  5:33  Probe  
  66  5:34  Probe  
  68  5:37  Adept x3  
  74  5:51  Adept  
  74  5:54  Charge  
  76  5:58  Adept x3  
  76  6:03  Robotics Facility  
  82  6:05  Robotics Facility  
  81  6:13  Probe x2  
  83  6:21  Adept  
  83  6:25  Probe  
  85  6:28  Probe x2  
  85  6:31  Adept x3  
  91  6:37  Probe  
  92  6:40  Probe  
  92  6:42  Probe  
  92  6:44  Immortal  
  92  6:47  Immortal, Templar Archives, Forge  
  92  6:54  Probe x2  
  93  7:07  Probe x3  
  96  7:14  Shield Battery  
  96  7:15  Sentry x2  
  100  7:16  Shield Battery  
  100  7:19  Probe  
  100  7:21  Probe  
  100  7:22  Probe  
  101  7:29  Psionic Storm, Pylon  
  100  7:30  Pylon  
  100  7:31  Probe x2  
  100  7:32  Immortal  
  100  7:35  Probe, Warp Prism  
  101  7:39  Probe  
  101  7:43  Probe  
  97  7:46  Pylon  
  97  7:47  Probe  
  97  7:49  Pylon  
  98  7:52  Probe  
  98  7:55  Probe  
  98  7:57  High Templar x4  
  108  7:59  Probe  
  109  8:06  Gateway  
  109  8:08  Assimilator, Protoss Ground Weapons Level 1  
  109  8:10  Probe x2  
  109  8:11  Shield Battery, Probe  
  112  8:21  Observer  
  112  8:22  Probe x2  
  112  8:23  Assimilator, Probe  
  116  8:34  Probe  
  116  8:35  Probe x2  
  116  8:37  Gateway  
  116  8:39  Gateway x2  
  119  8:47  Warp Prism  
  119  8:48  Immortal  
  123  8:58  High Templar  
  123  9:00  High Templar  
  123  9:01  Oracle  
  127  9:06  Zealot x3  
  127  9:08  Nexus  
  130  9:10  Pylon  
  133  9:19  Pylon  
  133  9:21  Pylon  
  133  9:25  Pylon  
  133  9:26  Pylon  
  133  9:27  Warp Prism  
  133  9:30  Observer  
  133  9:31  High Templar  
  137  9:32  High Templar x2  
  137  9:36  Photon Cannon  
  137  9:37  Photon Cannon  
  137  9:38  Zealot x2  
  146  9:39  Archon x2  
  146  9:55  Forge  
  146  10:00  Assimilator  
  146  10:04  Zealot x7, Assimilator  
  156  10:12  Probe x2  
  158  10:15  Zealot x2  
  156  10:29  Gateway  
  156  10:30  High Templar x3  
  156  10:31  High Templar x3  
  156  10:34  Zealot  
  162  10:35  Archon  
  162  10:36  Archon x2  
  162  10:37  Photon Cannon x2  
  156  10:43  Zealot x2  
  156  10:47  Probe x2  
  156  10:48  Probe x2  
  154  10:58  Zealot  
  154  11:02  Zealot  
  154  11:03  Zealot x6  
  166  11:09  Warp Prism  
  168  11:17  Fleet Beacon  
  166  11:21  Zealot x2  
  166  11:25  Zealot x3  
  173  11:30  High Templar x4  
  173  11:32  Probe x2  
  180  11:34  Archon  
  180  11:35  Archon  
  178  11:41  Gateway  
  178  11:44  Photon Cannon  
  178  11:46  Gateway  
  133  11:55  Zealot x2  
  133  11:56  Zealot x3  
Tags
 
Add a new tag
Caveats
  • Supply blocks, unpowered buildings, or Contaminate may cause inaccurate times.
  • Supply counts are checked every 10 seconds.